TOP OF THE 1ST |
San Diego Smashers batting - Pitching for La Crosse Loggers : LHP George Moore
|
Pitching: LHP George Moore
|
|
Batting: RHB Ricardo Guzmán
|
0-0: Ball 1-0: Called Strike 1-1: Hit by Pitch
|
Batting: SHB Chris Woods
|
0-0: Foul Ball, location: 2F 0-1: Ball 1-1: Swinging Strike 1-2: Strikes out swinging
|
Batting: RHB Fred Ameris
|
0-0: Ball 1-0: Called Strike Ricardo Guzmán steals 2nd base 1-1: Ball 2-1: Swinging Strike 2-2: Foul Ball, location: 2F 2-2: Strikes out swinging
|
Batting: RHB Manuel Muńóz
|
0-0: DOUBLE (Line Drive, 89D) Ricardo Guzmán scores
|
Batting: LHB Ken Phillips
|
0-0: Ball 1-0: Called Strike 1-1: Ball 2-1: Ball 3-1: Called Strike 3-2: Fly out, F4 (Line Drive, 4)
|
Top of the 1st over - 1 run(s), 1 hit(s), 0 error(s), 1 left on base; San Diego 1 - La Crosse 0 |
BOTTOM OF THE 1ST |
La Crosse Loggers batting - Pitching for San Diego Smashers : RHP Carlos Trujillo
|
Pitching: RHP Carlos Trujillo
|
|
Batting: RHB Troy Reed
|
0-0: Called Strike 0-1: Called Strike 0-2: Foul Ball, location: 2F 0-2: Ground out 3-1 (Groundball, 34)
|
Batting: RHB Robert Acosta
|
0-0: Ball 1-0: Ground out 6-3 (Groundball, 6M)
|
Batting: RHB Júlio Sánchez
|
0-0: Ball 1-0: Swinging Strike 1-1: Called Strike 1-2: Fly out, F7 (Flyball, 7S)
|
Bottom of the 1st over - 0 run(s), 0 hit(s), 0 error(s), 0 left on base; San Diego 1 - La Crosse 0 |
TOP OF THE 2ND |
San Diego Smashers batting - Pitching for La Crosse Loggers : LHP George Moore
|
Batting: LHB Karl Hill
|
0-0: Ball 1-0: Ground out U3 (Groundball, 3)
|
Batting: RHB Gilberto Guzmán
|
0-0: Called Strike 0-1: Called Strike 0-2: Ball 1-2: Foul Ball, location: 2F 1-2: Foul Ball, location: 2F 1-2: Ball 2-2: Fly out, F5 (Line Drive, 5)
|
Batting: RHB Ryan Cates
|
0-0: Called Strike 0-1: Foul Ball, location: 2F 0-2: Foul Ball, location: 2F 0-2: Foul Ball, location: 2F 0-2: Ball 1-2: Foul Ball, location: 2F 1-2: Foul Ball, location: 2F 1-2: Ball 2-2: Foul Ball, location: 2F 2-2: Ball 3-2: Foul Ball, location: 2F 3-2: SINGLE (Groundball, 6D) (infield hit)
|
Batting: LHB Francisco Medina
|
0-0: Ball 1-0: Fly out, F9 (Flyball, 9M)
|
Top of the 2nd over - 0 run(s), 1 hit(s), 0 error(s), 1 left on base; San Diego 1 - La Crosse 0 |
BOTTOM OF THE 2ND |
La Crosse Loggers batting - Pitching for San Diego Smashers : RHP Carlos Trujillo
|
Batting: RHB Kirk Powell
|
0-0: Ball 1-0: Swinging Strike 1-1: Ball 2-1: SOLO HOME RUN (Flyball, 7D), Distance : 371 ft
|
Batting: RHB Francisco Rodríguez
|
0-0: Called Strike 0-1: Ball 1-1: Ball 2-1: Ground out 5-3 (Groundball, 56)
|
Batting: RHB Andrés Bustamante
|
0-0: Ball 1-0: Called Strike 1-1: Ball 2-1: Ball 3-1: Called Strike 3-2: Foul Ball, location: 2F 3-2: Fly out, F6 (Popup, 6MD)
|
Batting: RHB Jesús Silva
|
0-0: Ball 1-0: Swinging Strike 1-1: Foul Ball, location: 2F 1-2: Ball 2-2: Foul Ball, location: 2F 2-2: Foul Ball, location: 2F 2-2: Ground out 6-3 (Groundball, 6)
|
Bottom of the 2nd over - 1 run(s), 1 hit(s), 0 error(s), 0 left on base; San Diego 1 - La Crosse 1 |
TOP OF THE 3RD |
San Diego Smashers batting - Pitching for La Crosse Loggers : LHP George Moore
|
Batting: RHB Ricardo Guzmán
|
0-0: Ball 1-0: Ball 2-0: Ball 3-0: Base on Balls
|
Batting: SHB Chris Woods
|
0-0: Called Strike 0-1: Foul Ball, location: 2F 0-2: Ball 1-2: SINGLE (Groundball, 34D) Ricardo Guzmán to second Throwing error, E9 Ricardo Guzmán scores Chris Woods to second
|
Batting: RHB Fred Ameris
|
0-0: Ball 1-0: Fly out, F8 (Flyball, 78XD) Runner from 2nd tags up, SAFE at 3rd, no throw
|
Batting: RHB Manuel Muńóz
|
0-0: Foul Ball, location: 2F 0-1: Called Strike 0-2: Ball 1-2: Ball 2-2: Ball 3-2: Base on Balls
|
Batting: LHB Ken Phillips
|
0-0: Called Strike 0-1: Ball 1-1: SINGLE (Line Drive, 4D) Chris Woods scores Manuel Muńóz to second
|
Batting: LHB Karl Hill
|
0-0: Called Strike 0-1: Foul Ball, location: 2F 0-2: Foul Ball, location: 2F 0-2: SINGLE (Groundball, 34D) Manuel Muńóz to third Ken Phillips to second
|
Batting: RHB Gilberto Guzmán
|
0-0: Ball 1-0: Foul Ball, location: 2F 1-1: Called Strike 1-2: Foul Ball, location: 2F 1-2: Foul Ball, location: 2F 1-2: Ball 2-2: Strikes out swinging
|
Batting: RHB Ryan Cates
|
0-0: Ball 1-0: SINGLE (Line Drive, 89S) Manuel Muńóz scores Ken Phillips to third Karl Hill to second Runner from 3rd tries for Home, SAFE, no throw or cutoff
|
Batting: LHB Francisco Medina
|
0-0: Swinging Strike 0-1: Ball 1-1: Swinging Strike 1-2: Ball 2-2: Foul Ball, location: 2F 2-2: Ball 3-2: SINGLE (Groundball, 34D) Karl Hill to third Ryan Cates to second Karl Hill scores Ryan Cates to third
|
Batting: RHB Ricardo Guzmán
|
0-0: Ball 1-0: Called Strike 1-1: Foul Ball, location: 2F 1-2: Strikes out looking
|
Top of the 3rd over - 5 run(s), 5 hit(s), 1 error(s), 2 left on base; San Diego 6 - La Crosse 1 |
BOTTOM OF THE 3RD |
La Crosse Loggers batting - Pitching for San Diego Smashers : RHP Carlos Trujillo
|
Batting: RHB Vernon Romo
|
0-0: Ball 1-0: Ball 2-0: Foul Ball, location: 2F 2-1: Called Strike 2-2: Strikes out looking
|
Batting: LHB George Moore
|
0-0: Foul Ball, location: 2F 0-1: Foul Ball, location: 2F 0-2: Foul Ball, location: 2F 0-2: Foul Ball, location: 2F 0-2: Strikes out swinging
|
Batting: RHB Troy Reed
|
0-0: Ball 1-0: Ball 2-0: Ball 3-0: Base on Balls
|
Batting: RHB Robert Acosta
|
0-0: Ball 1-0: Called Strike Troy Reed is caught stealing 2nd base
|
Bottom of the 3rd over - 0 run(s), 0 hit(s), 0 error(s), 0 left on base; San Diego 6 - La Crosse 1 |
TOP OF THE 4TH |
San Diego Smashers batting - Pitching for La Crosse Loggers : LHP George Moore
|
Batting: SHB Chris Woods
|
0-0: Ball 1-0: Foul Ball, location: 2F 1-1: Swinging Strike 1-2: Ball 2-2: Foul Ball, location: 2F 2-2: Foul Ball, location: 2F 2-2: Ball 3-2: Base on Balls
|
Pitching: RHP Ben Messer
|
|
Batting: RHB Fred Ameris
|
0-0: Foul Ball, location: 2F 0-1: Ball 1-1: Ball 2-1: Ball 3-1: Base on Balls Chris Woods to second
|
Batting: RHB Manuel Muńóz
|
0-0: Ball 1-0: Ball 2-0: Called Strike 2-1: Fly out, F8 (Line Drive, 8RD) Runner from 2nd tags up, SAFE at 3rd, no throw
|
Batting: LHB Ken Phillips
|
0-0: SINGLE (Line Drive, 4D) Chris Woods scores Fred Ameris to second
|
Batting: LHB Karl Hill
|
0-0: Ball 1-0: Ball 2-0: Grounds into double play, 6-4-3 (Groundball, 6)
|
Top of the 4th over - 1 run(s), 1 hit(s), 0 error(s), 1 left on base; San Diego 7 - La Crosse 1 |
BOTTOM OF THE 4TH |
La Crosse Loggers batting - Pitching for San Diego Smashers : RHP Carlos Trujillo
|
Batting: RHB Robert Acosta
|
0-0: Called Strike 0-1: Ball 1-1: Ground out 5-3 (Groundball, 5)
|
Batting: RHB Júlio Sánchez
|
0-0: Ball 1-0: Fly out, F6 (Line Drive, 6M)
|
Batting: RHB Kirk Powell
|
0-0: Ball 1-0: Foul Ball, location: 2F 1-1: Foul Ball, location: 2F 1-2: SINGLE (Groundball, 6M)
|
Batting: RHB Francisco Rodríguez
|
0-0: Ball 1-0: Ball 2-0: Swinging Strike 2-1: Swinging Strike 2-2: Strikes out swinging
|
Bottom of the 4th over - 0 run(s), 1 hit(s), 0 error(s), 1 left on base; San Diego 7 - La Crosse 1 |
TOP OF THE 5TH |
San Diego Smashers batting - Pitching for La Crosse Loggers : RHP Ben Messer
|
Batting: RHB Gilberto Guzmán
|
0-0: Swinging Strike 0-1: Ball 1-1: Swinging Strike 1-2: Ground out 5-3 (Groundball, 56)
|
Batting: RHB Ryan Cates
|
0-0: Called Strike 0-1: Called Strike 0-2: Foul Ball, location: 2F 0-2: Foul Ball, location: 2F 0-2: Fly out, F6 (Popup, 6M)
|
Batting: LHB Francisco Medina
|
0-0: Ball 1-0: Ball 2-0: Called Strike 2-1: Ball 3-1: Foul Ball, location: 2F 3-2: Base on Balls
|
Batting: RHB Ricardo Guzmán
|
0-0: Foul Ball, location: 2F 0-1: Ball 1-1: Foul Ball, location: 2F 1-2: Fly out, F8 (Flyball, 89M)
|
Top of the 5th over - 0 run(s), 0 hit(s), 0 error(s), 1 left on base; San Diego 7 - La Crosse 1 |
BOTTOM OF THE 5TH |
La Crosse Loggers batting - Pitching for San Diego Smashers : RHP Carlos Trujillo
|
Batting: RHB Andrés Bustamante
|
0-0: Ball 1-0: Ball 2-0: Ball 3-0: Base on Balls
|
Batting: RHB Jesús Silva
|
0-0: Foul Ball, location: 2F 0-1: Foul Ball, location: 2F 0-2: SINGLE (Groundball, 4M) Andrés Bustamante to second
|
Batting: RHB Vernon Romo
|
0-0: Ball 1-0: Ball 2-0: Swinging Strike 2-1: Foul Ball, location: 2F 2-2: Fly out, F9 (Line Drive, 89M)
|
Batting: LHB George Moore
|
0-0: Ball 1-0: Ball 2-0: Ball 3-0: Base on Balls Andrés Bustamante to third Jesús Silva to second
|
Batting: RHB Troy Reed
|
0-0: Ball 1-0: Ball 2-0: Foul Ball, location: 2F 2-1: Foul Ball, location: 2F 2-2: DOUBLE (Line Drive, 8RM) Andrés Bustamante scores Jesús Silva scores George Moore to third
|
Batting: RHB Robert Acosta
|
0-0: Ball 1-0: Ball 2-0: Fly out, F3 (Popup, 3L)
|
Batting: RHB Júlio Sánchez
|
0-0: Ball 1-0: Foul Ball, location: 2F 1-1: Ball 2-1: Ball 3-1: SINGLE (Line Drive, 5) George Moore scores Troy Reed to third
|
Pitching: LHP Geoff Williams
|
|
Batting: RHB Kirk Powell
|
0-0: Foul Ball, location: 2F 0-1: Swinging Strike 0-2: Ball 1-2: Strikes out swinging
|
Bottom of the 5th over - 3 run(s), 3 hit(s), 0 error(s), 2 left on base; San Diego 7 - La Crosse 4 |
TOP OF THE 6TH |
San Diego Smashers batting - Pitching for La Crosse Loggers : RHP Ben Messer
|
Batting: SHB Chris Woods
|
0-0: Swinging Strike 0-1: Ball 1-1: Foul Ball, location: 2F 1-2: Ball 2-2: Strikes out swinging
|
Batting: RHB Fred Ameris
|
0-0: Called Strike 0-1: Ball 1-1: Ball 2-1: Swinging Strike 2-2: Strikes out looking
|
Batting: RHB Manuel Muńóz
|
0-0: Ball 1-0: DOUBLE (Flyball, 89XD)
|
Batting: LHB Ken Phillips
|
0-0: Called Strike 0-1: Ball 1-1: Called Strike 1-2: SINGLE (Line Drive, 8RS) Manuel Muńóz to third Runner from 3rd tries for Home, SAFE, no throw or cutoff
|
Batting: LHB Karl Hill
|
0-0: Foul Ball, location: 2F 0-1: Ball 1-1: SINGLE (Groundball, 6) Ken Phillips to second
|
Batting: RHB Gilberto Guzmán
|
0-0: Hit by Pitch Ken Phillips to third Karl Hill to second
|
Batting: RHB Ryan Cates
|
0-0: Foul Ball, location: 2F 0-1: Foul Ball, location: 2F 0-2: Ball 1-2: Strikes out looking
|
Top of the 6th over - 1 run(s), 3 hit(s), 0 error(s), 3 left on base; San Diego 8 - La Crosse 4 |
BOTTOM OF THE 6TH |
La Crosse Loggers batting - Pitching for San Diego Smashers : LHP Geoff Williams
|
Batting: RHB Francisco Rodríguez
|
0-0: Ball 1-0: Called Strike 1-1: SINGLE (Line Drive, 7LM)
|
Batting: RHB Andrés Bustamante
|
0-0: Ball 1-0: Called Strike 1-1: Called Strike 1-2: Strikes out swinging
|
Batting: RHB Jesús Silva
|
0-0: Called Strike 0-1: Swinging Strike 0-2: Strikes out looking
|
Batting: RHB Vernon Romo
|
0-0: Ground out 5-3 (Groundball, 56S)
|
Bottom of the 6th over - 0 run(s), 1 hit(s), 0 error(s), 1 left on base; San Diego 8 - La Crosse 4 |
TOP OF THE 7TH |
San Diego Smashers batting - Pitching for La Crosse Loggers : RHP Ben Messer
|
Pitching: RHP Tony López
|
|
Batting: LHB Francisco Medina
|
0-0: Ball 1-0: Fly out, F8 (Flyball, 8LM)
|
Batting: RHB Ricardo Guzmán
|
0-0: Fly out, F7 (Flyball, 7S)
|
Batting: SHB Chris Woods
|
0-0: Ball 1-0: Ball 2-0: Ball 3-0: Called Strike 3-1: SINGLE (Groundball, 4MD)
|
Batting: RHB Fred Ameris
|
0-0: Foul Ball, location: 2F 0-1: Swinging Strike 0-2: DOUBLE (Line Drive, 5D) Chris Woods to third
|
Batting: RHB Manuel Muńóz
|
0-0: Ball 1-0: Ball 2-0: Ball 3-0: Base on Balls
|
Batting: LHB Ken Phillips
|
0-0: Called Strike 0-1: Ball 1-1: Called Strike 1-2: Foul Ball, location: 2F 1-2: SINGLE (Line Drive, 4MD) Chris Woods scores Fred Ameris to third Manuel Muńóz to second Runner from 3rd tries for Home, SAFE, no throw or cutoff
|
Batting: LHB Karl Hill
|
0-0: Foul Ball, location: 2F 0-1: Ball 1-1: SINGLE (Groundball, 5D) Manuel Muńóz to third Ken Phillips to second Runner from 3rd tries for Home, SAFE, no throw or cutoff
|
Pitching: LHP Russell Neal
|
|
Batting: RHB Gilberto Guzmán
|
0-0: Called Strike 0-1: TRIPLE (Line Drive, 89D) Ken Phillips scores Karl Hill scores
|
Batting: RHB Ryan Cates
|
0-0: Ball 1-0: DOUBLE (Flyball, 8RXD) Gilberto Guzmán scores
|
Batting: LHB Francisco Medina
|
0-0: Ball 1-0: Foul Ball, location: 2F 1-1: Called Strike 1-2: Foul Ball, location: 2F 1-2: Strikes out swinging
|
Top of the 7th over - 6 run(s), 6 hit(s), 0 error(s), 1 left on base; San Diego 14 - La Crosse 4 |
BOTTOM OF THE 7TH |
La Crosse Loggers batting - Pitching for San Diego Smashers : LHP Geoff Williams
|
Batting: LHB George Moore
|
0-0: Ball 1-0: Called Strike 1-1: Called Strike 1-2: Strikes out looking
|
Batting: RHB Troy Reed
|
0-0: Ball 1-0: Fly out, F9 (Flyball, 9M)
|
Batting: RHB Robert Acosta
|
0-0: Swinging Strike 0-1: Foul Ball, location: 2F 0-2: Strikes out swinging
|
Bottom of the 7th over - 0 run(s), 0 hit(s), 0 error(s), 0 left on base; San Diego 14 - La Crosse 4 |
TOP OF THE 8TH |
San Diego Smashers batting - Pitching for La Crosse Loggers : LHP Russell Neal
|
Batting: RHB Ricardo Guzmán
|
0-0: Foul Ball, location: 2F 0-1: Ball 1-1: Ball 2-1: Foul Ball, location: 2F 2-2: Strikes out swinging
|
Batting: SHB Chris Woods
|
0-0: Called Strike 0-1: Ball 1-1: Ball 2-1: Ball 3-1: Ground out U3 (Groundball, 3L)
|
Batting: RHB Fred Ameris
|
0-0: Called Strike 0-1: Ball 1-1: Fly out, F7 (Line Drive, 78D)
|
Top of the 8th over - 0 run(s), 0 hit(s), 0 error(s), 0 left on base; San Diego 14 - La Crosse 4 |
BOTTOM OF THE 8TH |
La Crosse Loggers batting - Pitching for San Diego Smashers : LHP Geoff Williams
|
Pitching: RHP Joe Shoemaker
|
|
Batting: RHB Júlio Sánchez
|
0-0: Ball 1-0: Ball 2-0: Foul Ball, location: 2F 2-1: Called Strike 2-2: Foul Ball, location: 2F 2-2: Ball 3-2: Foul Ball, location: 2F 3-2: Strikes out swinging
|
Batting: RHB Kirk Powell
|
0-0: Called Strike 0-1: Ball 1-1: Ball 2-1: Ball 3-1: Fly out, F7 (Line Drive, 7M)
|
Batting: RHB Francisco Rodríguez
|
0-0: Called Strike 0-1: Called Strike 0-2: Ball 1-2: Fly out, F7 (Flyball, 78D)
|
Bottom of the 8th over - 0 run(s), 0 hit(s), 0 error(s), 0 left on base; San Diego 14 - La Crosse 4 |
TOP OF THE 9TH |
San Diego Smashers batting - Pitching for La Crosse Loggers : LHP Russell Neal
|
Batting: RHB Manuel Muńóz
|
0-0: Ball 1-0: DOUBLE (Line Drive, 5L)
|
Batting: LHB Ken Phillips
|
0-0: Ball 1-0: Ball 2-0: Ball 3-0: Base on Balls
|
Batting: LHB Karl Hill
|
0-0: Called Strike 0-1: Swinging Strike 0-2: Grounds into double play, 4-6-3 (Groundball, 4) Manuel Muńóz to third
|
Batting: RHB Gilberto Guzmán
|
0-0: Called Strike 0-1: Ground out 6-3 (Groundball, 6M)
|
Top of the 9th over - 0 run(s), 1 hit(s), 0 error(s), 1 left on base; San Diego 14 - La Crosse 4 |
BOTTOM OF THE 9TH |
La Crosse Loggers batting - Pitching for San Diego Smashers : RHP Joe Shoemaker
|
Batting: RHB Andrés Bustamante
|
0-0: Ball 1-0: Fly out, F8 (Flyball, 8RM)
|
Batting: RHB Jesús Silva
|
0-0: Called Strike 0-1: Ball 1-1: Ball 2-1: Ball 3-1: Foul Ball, location: 2F 3-2: Ground out 5-3 (Groundball, 56)
|
Batting: RHB Vernon Romo
|
0-0: Called Strike 0-1: Foul Ball, location: 2F 0-2: Foul Ball, location: 2F 0-2: Ball 1-2: Strikes out looking
|
Bottom of the 9th over - 0 run(s), 0 hit(s), 0 error(s), 0 left on base; San Diego 14 - La Crosse 4 |
|